 Dungeon Sprint DCSS version 0.27-a0-695-gb4952372f7 (webtiles) character file.

Game seed: 2266897186003213361

919 mhtbhm the Basher (level 8, 0/56 HPs)
             Began as a Gargoyle Fighter on Mar 21, 2021.
             Was a Believer of Okawaru.
             Slain by a troll (7 damage)
             ... in the Dungeon (Sprint IX: "|||||||||||||||||||||||||||||").
             The game lasted 00:01:41 (616 turns).

mhtbhm the Basher (Gargoyle Fighter)                 Turns: 616, Time: 00:01:41

Health: 0/56       AC: 19    Str: 22      XL:     8   Next: 9%
Magic:  8/8        EV: 12    Int:  9      God:    Okawaru [**....]
Gold:   0          SH: 11    Dex:  8 (9)  Spells: 7/7 levels left

rFire    . . .     SeeInvis .   a - +0 flail
rCold    . . .     Faith    .   c - +0 kite shield
rNeg     + . .     Spirit   .   b - +2 ring mail
rPois    ∞         Reflect  .   (no helmet)
rElec    +         Harm     .   m - +0 cloak
rCorr    .         Rampage  .   (no gloves)
Will     .....     NoTele   +   n - +0 pair of boots
Stlth    ..........             (no amulet)
HPRegen  0.18/turn              p - +2 ring of evasion
MPRegen  0.11/turn              o - +2 ring of protection

@: mighty
A: AC +5, negative energy resistance 1, electricity resistance, torment
resistance 1, unbreathing 1, petrification resistance
a: Renounce Religion, Heroism


You were in the Dungeon.
You worshipped Okawaru.
Okawaru was pleased with you.
You visited 1 branch

Inventory:

Hand Weapons
 a - a +0 flail (weapon)
Armour
 b - a +2 ring mail (worn)
 c - a +0 kite shield (worn)
 m - a +0 cloak (worn)
 n - a +0 pair of boots (worn)
Jewellery
 o - a +2 ring of protection (left hand)
 p - a +2 ring of evasion (right hand)
Scrolls
 j - 2 scrolls of blinking
 k - 2 scrolls of amnesia
Potions
 e - 3 potions of curing
 h - 4 potions of magic
 i - a potion of invisibility


   Skills:
 + Level 9.5 Fighting
 + Level 9.8 Maces & Flails
 + Level 9.4 Armour
 + Level 1.6 Dodging
 + Level 9.1 Shields
 + Level 2.7 Evocations


You had 7 spell levels left.
You didn't know any spells.
Your spell library was empty.

Dungeon Overview and Level Annotations

Branches:
Dungeon (1/1)

Altars:
Cheibriados
Dithmenos
Elyvilon
Fedhas
Gozag
Hepliaklqana
Kikubaaqudgha
Makhleb
Nemelex Xobeh
Okawaru
Qazlal
Ru
Sif Muna
Trog
Uskayaw
Vehumet
Wu Jian
Xom
Yredelemnul
Zin
The Shining One
Beogh
Jiyva
Lugonu


Innate Abilities, Weirdness & Mutations

Your stone body is resilient. (AC +5)
You are immune to poison.
You resist negative energy. (rN+)
You are resistant to electric shocks. (rElec)
You are resistant to unholy torment.
You can survive without breathing.
You are immune to petrification.


Message History

Unknown command.
You feel much better. The fire elemental hits you.
The fire elemental burns you! You block the fire elemental's attack.
You feel very mighty all of a sudden.
The deep elf pyromancer gestures at you while chanting.
The bolt of fire hits the fire elemental.
The fire elemental completely resists.
The bolt of fire hits you!! You block the fire elemental's attack.
You bludgeon the fire elemental!!
You destroy the fire elemental!
Your shield prevents you from hitting the deep elf pyromancer.
The deep elf pyromancer is heavily wounded.
The deep elf pyromancer gestures at you while chanting.
The sticky flame hits you but does no damage.
You are covered in liquid flames!
You barely miss the deep elf pyromancer.
The deep elf pyromancer is heavily wounded.
You are covered in liquid flames!
* * * LOW HITPOINT WARNING * * *
The deep elf pyromancer casts a spell.
You barely miss the deep elf pyromancer.
The deep elf pyromancer is heavily wounded.
You are covered in liquid flames!
* * * LOW HITPOINT WARNING * * *
The deep elf pyromancer mumbles some strange words.
The deep elf pyromancer blinks!
The fire elemental barely misses you.
Unknown command.
Unknown command.
You feel better.
You are covered in liquid flames!
* * * LOW HITPOINT WARNING * * *
The fire elemental closely misses you.
Unknown command.
You feel better.
You are covered in liquid flames!
* * * LOW HITPOINT WARNING * * *
The fire elemental hits you. The fire elemental burns you!
* * * LOW HITPOINT WARNING * * *
The troll bites you but does no damage. The troll claws you!
You die...

▓÷▓
▓.▓
▓'▓
▓.▓
▓.▓
▓.▓
▓.▓
▓E▓
▓@▓
▓T▓
▓T▓
▓O▓
▓†▓
▓Z▓
▓e▓
▓.▓


You could see a deep elf pyromancer, 2 trolls, a fire elemental (summoned), an
ogre and an adder skeleton.

Vanquished Creatures
  A two-headed ogre (D)
  A sky beast (D)
  A howler monkey (D)
  2 quasits (D)
  2 hounds (D)
  A worker ant (D)
  2 shadow imps (D)
  An adder zombie (D)
  A leopard gecko (D)
  2 hobgoblins (D)
  A quokka (D)
  A frilled lizard (D)
  A jackal zombie (D)
17 creatures vanquished.

Notes
Turn   | Place    | Note
-------+----------+-------------------------------------------
     0 | D        | mhtbhm the Gargoyle Fighter began the quest for the Orb.
     0 | D        | Reached XP level 1. HP: 14/14 MP: 1/1
     7 | D        | Banished a spatial maelstrom
    20 | D        | Reached XP level 2. HP: 18/20 MP: 2/2
    53 | D        | Reached skill level 5 in Fighting
    53 | D        | Reached skill level 5 in Shields
    53 | D        | Reached XP level 3. HP: 26/26 MP: 3/3
    65 | D        | Reached skill level 5 in Armour
    83 | D        | Found a snail-covered altar of Cheibriados.
    83 | D        | Found a shadowy altar of Dithmenos.
    83 | D        | Found a white marble altar of Elyvilon.
    83 | D        | Found a blossoming altar of Fedhas.
    83 | D        | Found an opulent altar of Gozag.
    84 | D        | Found a hazy altar of Hepliaklqana.
    85 | D        | Found a viscous altar of Jiyva.
    86 | D        | Found an ancient bone altar of Kikubaaqudgha.
    87 | D        | Found a corrupted altar of Lugonu.
    88 | D        | Found a burning altar of Makhleb.
    89 | D        | Found a sparkling altar of Nemelex Xobeh.
    90 | D        | Found an iron altar of Okawaru.
    91 | D        | Found a stormy altar of Qazlal.
    92 | D        | Found a sacrificial altar of Ru.
    93 | D        | Found a shimmering blue altar of Sif Muna.
    94 | D        | Found a bloodstained altar of Trog.
    95 | D        | Found a hide-covered altar of Uskayaw.
    96 | D        | Found a radiant altar of Vehumet.
    97 | D        | Found an ornate altar of the Wu Jian Council.
    98 | D        | Became a worshipper of Warmaster Okawaru
    99 | D        | Found a shimmering altar of Xom.
   101 | D        | Found a glowing silver altar of Zin.
   102 | D        | Found a glowing golden altar of the Shining One.
   275 | D        | Noticed a two-headed ogre
   275 | D        | Noticed a sky beast
   285 | D        | Reached XP level 4. HP: 11/32 MP: 4/4
   295 | D        | Killed a two-headed ogre
   295 | D        | Reached * piety under Okawaru
   296 | D        | Reached skill level 1 in Dodging
   296 | D        | Reached XP level 5. HP: 16/41 MP: 5/5
   296 | D        | Reached XP level 6. HP: 18/46 MP: 6/6
   296 | D        | Reached XP level 7. HP: 20/51 MP: 7/7
   519 | D        | Reached ** piety under Okawaru
   520 | D        | Reached XP level 8. HP: 44/56 MP: 8/8
   601 | D        | Noticed a deep elf pyromancer
   601 | D        | Noticed a troll
   601 | D        | Noticed a troll
   616 | D        | Slain by a troll

Illustrated notes

Levels and vault maps discovered:
D:        linesprint [early_d, line_temple, items_1, d_10, items_2, lair_1,
          lair_end, items_3, orc_1, orc_end, items_4, d_15, swamp_1, shoals_1,
          snake_1, spider_1, d_20, vaults_1, items_5, swamp_end, shoals_end,
          snake_end, spider_end, vaults_end, d_27, items_6, zot_1, zot_end,
          crypt_end, forest_end, elf_end, slime_end, tomb_end, abyss_end,
          pan_hell_end]

Skill      XL: |  1  2  3  4  5  6  7 |
---------------+----------------------+-----
Fighting       | 4 5 9 |  9.5
Armour         | 4 5 9 |  9.4
Shields        | 4 5 8 9 |  9.1
Maces & Flails | 3 4 9 |  9.8
Dodging        | 1 |  1.6
Evocations     | 2 |  2.7

Action                   |  1- 3 |  4- 6 |  7- 9 || total
-------------------------+-------+-------+-------++-------
Melee: Flail             |    48 |     1 |    35 ||    84
Evoke: Wand              |     2 |     3 |     1 ||     6
  Use: Potion            |     4 |       |     4 ||     8
Armor: Scale mail        |    24 |       |       ||    24
       Ring mail         |       |       |    17 ||    17
Dodge: Dodged            |    29 |       |    11 ||    40
Block: Kite shield       |    17 |       |    13 ||    30

Table legend: (Time is in decaauts)
 A = Elapsed time spent in this place.
 B = Non-inter-level travel time spent in this place.
 C = Inter-level travel time spent in this place.
 D = Time resting spent in this place.
 E = Time spent auto-exploring this place.
 F = Levels seen in this place.
 G = Mean time per level.
                   A        B        C        D        E       F      G
               +--------+--------+--------+--------+--------+-----+--------+
         Total |    630 |    630 |      0 |    382 |      0 |   1 |  630.0 |
       Dungeon |    630 |    630 |      0 |    382 |      0 |   1 |  630.0 |
               +--------+--------+--------+--------+--------+-----+--------+

Top non-repeatable levels by time:
       D: 630 daAuts
